 Dungeon Crawl Stone Soup version 0.21.1-1-g345015f (webtiles) character file.

3520 inc the Frost Mage (level 10, -3/56 HPs)
             Began as an Octopode Ice Elementalist on June 17, 2018.
             Was an Elder of Cheibriados.
             Slain by Cryoshakespeare's ghost (24 damage)
             ... on level 8 of the Dungeon.
             The game lasted 00:16:08 (9810 turns).

inc the Frost Mage (Octopode Ice Elementalist)      Turns: 9810, Time: 00:16:09

Health: -3/56      AC:  8    Str: 23    XL:     10   Next: 8%
Magic:  15/17      EV: 17    Int: 30    God:    Cheibriados [****..]
Gold:   438        SH:  0    Dex: 23    Spells: 7/19 levels left

rFire    . . .     SeeInvis .   a - +1 whip (elec)
rCold    . . .     Gourm    .   (no shield)
rNeg     . . .     Faith    .   (helmet restricted)
rPois    .         Spirit   .   (no amulet)
rElec    .         Reflect  .   e - ring of flight
rCorr    +         Harm     .   u - ring of resist corrosion
MR       .....                  (no ring)
Stlth    ++++......             (no ring)
HPRegen  0.18/turn              (no ring)
MPRegen  0.15/turn              (no ring)
                                (no ring)
                                (no ring)

@: mighty, icy armour, very slow
A: almost no armour, stealthy swim, amphibious, 8 rings, constrict 8, camouflage
1, gelatinous body 1
a: Bend Time, Temporal Distortion, Slouch, Renounce Religion, Evoke Flight


You were on level 8 of the Dungeon.
You worshipped Cheibriados.
Cheibriados was greatly pleased with you.
You were not hungry.

You visited 2 branches of the dungeon, and saw 11 of its levels.

You collected 438 gold pieces.

Inventory:

Hand Weapons
 a - a +1 whip of electrocution (weapon)
 b - a +0 blowgun
 n - a +0 short sword
Missiles
 o - 23 poisoned needles
Jewellery
 e - a ring of flight (left tentacle)
 u - a ring of resist corrosion (right tentacle)
Scrolls
 f - a scroll of immolation
 g - a scroll of enchant weapon
 m - 3 scrolls of amnesia
 r - a scroll of fog
Potions
 d - 3 potions of flight
 h - a potion of might
 j - 2 potions of curing
 k - 2 potions of heal wounds
 l - 2 potions of cancellation
 p - 2 potions of berserk rage {unknown}
 q - 2 potions of haste {unknown}
 s - 2 potions of degeneration
 x - 2 potions of mutation {unknown}
Books
 t - a book of Frost

   Spells                             Type                      Level
   a - Freeze                         Ice                          1
   b - Throw Frost                    Conjuration/Ice              2
   c - Ozocubu's Armour               Charms/Ice                   3
   d - Throw Icicle                   Conjuration/Ice              4
   e - Summon Ice Beast               Ice/Summoning                4
Comestibles
 c - 13 rations
 i - 2 chunks of flesh


   Skills:
 + Level 5.2 Dodging
 - Level 2.6 Stealth
 - Level 5.2 Spellcasting
 - Level 5.3 Conjurations
 - Level 3.3 Summonings
 - Level 9.4 Ice Magic
 - Level 5.1 Invocations


You had 7 spell levels left.
You knew the following spells:

 Your Spells              Type           Power        Failure   Level  Hunger
a - Freeze                Ice            ####         1%          1    None
b - Ozocubu's Armour      Chrm/Ice       #####...     2%          3    None
c - Throw Icicle          Conj/Ice       ######..     2%          4    ###....
d - Summon Ice Beast      Ice/Summ       #####...     4%          4    ###....


Dungeon Overview and Level Annotations

Branches:
Dungeon (10/15)            Temple (1/1) D:4
   Lair: D:8-11         Orc: D:9-12

Altars:
Ashenzari
Cheibriados
Dithmenos
Elyvilon
Fedhas
Gozag
Kikubaaqudgha
Makhleb
Nemelex Xobeh
Okawaru
Ru
Sif Muna
Trog
Vehumet
Wu Jian
Yredelemnul
Zin
The Shining One

Shops:
D:6 [

Annotations:
D:8 Cryoshakespeare's ghost, novice TrTm


Innate Abilities, Weirdness & Mutations

You cannot wear most types of armour.
You are very stealthy in the water. (Stealth+)
You are amphibious.
You can wear up to eight rings at the same time.
You can use your tentacles to constrict eight enemies at once.
Your skin changes colour to match your surroundings (Stealth+).
Your rubbery body absorbs attacks. (AC +1, EV +1)


Message History

Confirm with . or Enter, or press ? or * to list all spells.
A film of ice covers your body!
Cryoshakespeare's ghost turns its malevolent gaze towards you.
Unknown command.
You completely miss Cryoshakespeare's ghost.
Cryoshakespeare's ghost barely misses you.
You feel very mighty all of a sudden.
Cryoshakespeare's ghost barely misses you.
You whack Cryoshakespeare's ghost!
Cryoshakespeare's ghost is lightly damaged.
Cryoshakespeare's ghost misses you.
You whack Cryoshakespeare's ghost!
Cryoshakespeare's ghost is lightly damaged.
Cryoshakespeare's ghost hits you!
You closely miss Cryoshakespeare's ghost.
You squeeze Cryoshakespeare's ghost.
Cryoshakespeare's ghost is lightly damaged.
Cryoshakespeare's ghost hits you! Cryoshakespeare's ghost hits you.
Cryoshakespeare's ghost hits you!!
You die...

#.....## . .).....###
##. )>........ ..##
.......### ##..##
#.....## ##....##
##)..#### #......#.#.
.รท......# #.........
.##.###.# #W# .##.#
#.# #@# .##.# #.# #.#
.##.# #.# ##'##
.##)###.# ##...##
...)....# ##.....##
###.##.## ##.......#
##.#...####.....>...#
...........'.........+
###.#...####.........#


You could see Cryoshakespeare's ghost.

Vanquished Creatures
  Pikel (D:7)
  An ugly thing (D:9)
  A wyvern (D:9)
  A hungry ghost (D:7)
  Duvessa (D:7)
  A sky beast (D:5)
  2 slaves (D:7)
  2 phantoms
  An eye of draining (D:9)
  2 centaurs
  2 bullfrogs (D:7)
  Dowan (D:7)
  A gnoll sergeant (D:8)
  A water moccasin zombie (D:7)
  A scorpion (D:7)
  8 killer bees
  A howler monkey (D:7)
  4 crimson imps
  A quasit (D:7)
  A bullfrog zombie (D:10)
  4 hounds
  4 orc wizards
  2 orc priests (D:3)
  3 bullfrog skeletons
  A gnoll shaman (D:8)
  An iguana (D:6)
  6 worker ants
  A worker ant zombie (D:7)
  7 gnolls
  4 adders
  A shadow imp (D:5)
  5 oozes
  2 adder zombies
  2 adder skeletons
  3 worms
  4 dart slugs
  3 leopard geckos
  25 orcs
  6 giant cockroaches
  14 hobgoblins
  17 jackals
  4 quokkas
  6 bats
  5 frilled lizards
  7 goblins
  A jackal zombie (D:6)
  12 kobolds
  A quokka skeleton (D:5)
  A quokka zombie (D:7)
  25 rats
211 creatures vanquished.

Vanquished Creatures (others)
  A slave (D:7)
  A bullfrog (D:7)
  A bullfrog skeleton (D:7)
  A jelly (D:7)
  An orc wizard (D:7)
  2 orcs (D:7)
  A ball python (D:7)
8 creatures vanquished.

Grand Total: 219 creatures vanquished

Notes
Turn   | Place    | Note
-------+----------+-------------------------------------------
     0 | D:1      | inc the Octopode Ice Elementalist began the quest for the Orb.
     0 | D:1      | Reached XP level 1. HP: 11/11 MP: 3/3
    31 | D:1      | Reached XP level 2. HP: 4/17 MP: 0/5
   456 | D:1      | Reached skill level 4 in Ice Magic
   512 | D:1      | Reached XP level 3. HP: 11/21 MP: 6/6
  1417 | D:2      | Reached skill level 5 in Ice Magic
  1417 | D:2      | Reached XP level 4. HP: 16/27 MP: 7/7
  1894 | D:2      | Found a snail-covered altar of Cheibriados.
  1914 | D:2      | Became a worshipper of Cheibriados the Contemplative
  1984 | D:2      | Reached XP level 5. HP: 31/31 MP: 6/8
  2085 | D:2      | Reached * piety under Cheibriados
  2371 | D:2      | Learned a level 3 spell: Ozocubu's Armour
  2376 | D:2      | Learned a level 4 spell: Throw Icicle
  2888 | D:3      | Found a burning altar of Makhleb.
  2890 | D:3      | Found a glowing silver altar of Zin.
  2890 | D:3      | Noticed an angel
  2891 | D:3      | Noticed a blizzard demon
  3043 | D:3      | Reached XP level 6. HP: 17/36 MP: 0/10
  3326 | D:3      | Reached ** piety under Cheibriados
  3868 | D:4      | Found a staircase to the Ecumenical Temple.
  3877 | Temple   | Entered the Ecumenical Temple
  4027 | D:4      | Found a bloodstained altar of Trog.
  4190 | D:4      | Noticed a phantom
  4597 | D:5      | Entered Level 5 of the Dungeon
  4739 | D:5      | Noticed a phantom
  5072 | D:5      | Reached XP level 7. HP: 14/41 MP: 7/12
  5581 | D:5      | Found a blossoming altar of Fedhas.
  5655 | D:5      | Reached *** piety under Cheibriados
  6318 | D:6      | Reached skill level 5 in Spellcasting
  6318 | D:6      | Reached skill level 5 in Conjurations
  6318 | D:6      | Reached XP level 8. HP: 46/46 MP: 10/15
  6341 | D:6      | Found a shattered altar of Ashenzari.
  6830 | D:6      | Found Loteras's Armour Boutique.
  6836 | D:6      | Learned a level 4 spell: Summon Ice Beast
  7046 | D:6      | Reached skill level 1 in Summonings
  7050 | D:6      | Found a sparkling altar of Nemelex Xobeh.
  7601 | D:7      | Reached skill level 6 in Ice Magic
  7618 | D:7      | Noticed Pikel
  7626 | D:7      | Killed Pikel
  7626 | D:7      | Reached skill level 8 in Ice Magic
  7626 | D:7      | Reached XP level 9. HP: 20/51 MP: 8/16
  8024 | D:7      | Reached **** piety under Cheibriados
  8362 | D:7      | Noticed Duvessa
  8366 | D:7      | Noticed Dowan
  8376 | D:7      | Killed Duvessa
  8376 | D:7      | Reached skill level 9 in Ice Magic
  8384 | D:7      | Killed Dowan
  8600 | D:7      | You fall through a shaft for 3 floors!
  8600 | D:10     | Entered Level 10 of the Dungeon
  8608 | D:10     | Reached skill level 1 in Invocations
  9074 | D:10     | Noticed a troll
  9129 | D:9      | Reached skill level 5 in Invocations
  9511 | D:9      | Noticed a cyan ugly thing
  9515 | D:9      | Killed a cyan ugly thing
  9515 | D:9      | Reached XP level 10. HP: 56/56 MP: 0/17
  9653 | D:8      | Reached skill level 5 in Dodging
  9803 | D:8      | Noticed Cryoshakespeare's ghost (novice TrTm)
  9810 | D:8      | Slain by Cryoshakespeare's ghost

Skill      XL: |  1  2  3  4  5  6  7  8  9 10 |
---------------+-------------------------------+-----
Ice Magic      | 4 5 8 9 |  9.4
Conjurations   | 2 3 5 |  5.3
Spellcasting   | 3 5 |  5.2
Summonings     | 3 |  3.3
Invocations    | 5 |  5.1
Dodging        | 4 5 |  5.2
Stealth        | |  2.6

Action                   |  1- 3 |  4- 6 |  7- 9 | 10-12 || total
-------------------------+-------+-------+-------+-------++-------
Melee: Unarmed           |    94 |   101 |       |       ||   195
       Constrict         |    29 |    46 |    45 |     5 ||   125
       Tentacles         |    21 |    27 |    47 |     7 ||   102
       Short sword       |       |    37 |    47 |       ||    84
       Whip              |       |       |   118 |    18 ||   136
 Cast: Freeze            |    18 |    54 |    52 |       ||   124
       Ozocubu's Armour  |       |    12 |    19 |     3 ||    34
       Throw Icicle      |       |       |     3 |       ||     3
       Summon Ice Beast  |       |       |     2 |       ||     2
Invok: Slouch            |       |       |     1 |       ||     1
  Use: Scroll            |       |     5 |     8 |       ||    13
       Potion            |       |       |     4 |     1 ||     5
 Stab: Sleeping          |     8 |    12 |     7 |       ||    27
       Distracted        |       |     1 |       |       ||     1
  Eat: Chunk             |     2 |     7 |     7 |     1 ||    17
       Ration            |       |       |     1 |       ||     1
Armor: Skin              |     6 |    24 |    55 |     5 ||    90
Dodge: Dodged            |    64 |    96 |   198 |    22 ||   380
